 Dungeon Crawl Stone Soup version 0.21-a0-274-gc1afaeb (console) character file.

219 Gottschkopf the Changer (level 5, -2/40 HPs)
             Began as a Draconian Transmuter on Sept 18, 2017.
             Slain by a bullfrog (8 damage)
             ... in a sewer on Sept 19, 2017.
             The game lasted 00:13:46 (3398 turns).

Gottschkopf the Changer (Draconian Transmuter)      Turns: 3398, Time: 00:13:46

Health: -2/40      AC:  2    Str: 13    XL:     5   Next: 63%
Magic:  3/8        EV: 19    Int: 14    God:
Gold:   141        SH:  0    Dex: 16    Spells: 2/8 levels left

rFire    . . .     SeeInvis .     - Unarmed
rCold    . . .     Gourm    .   (shield currently unavailable)
rNeg     . . .     Faith    .   (armour unavailable)
rPois    x         Spirit   .   (helmet currently unavailable)
rElec    .         Reflect  .   (cloak currently unavailable)
rCorr    .         Harm     .   (gloves currently unavailable)
MR       .....                  (boots currently unavailable)
Stlth    +.........             (no amulet)
HPRegen  0.13/turn              (no ring)
MPRegen  0.11/turn              (no ring)

@: lethally poisoned (-2 -> -4), spider-form
A: unfitting armour, AC +5
a: End Transformation


You were in a sewer.
You were not hungry.
You were a venomous arachnid creature.
You visited 1 branch of the dungeon, and saw 3 of its levels.
You also visited: Sewer.

You collected 141 gold pieces.

Inventory:

Missiles
 a - 42 arrows
Armour
 l - a +1 pair of gloves (melded)
 m - a +2 hat (melded)
 r - a +2 pair of boots (melded)
Scrolls
 e - a scroll of teleportation
 f - a scroll of fear
 i - 3 scrolls of identify
 j - a scroll of enchant armour
Potions
 h - 3 potions of berserk rage
 o - a potion of lignification {unknown}
 q - a potion of resistance {unknown}
Books
 b - a book of Changes

   Spells                             Type                      Level
   a - Beastly Appendage              Transmutation                1
   b - Sticks to Snakes               Transmutation                2
   c - Spider Form                    Transmutation/Poison         3
   d - Ice Form                       Ice/Transmutation            4
   e - Blade Hands                    Transmutation                5
Comestibles
 c - 4 bread rations
 d - 3 meat rations
 g - 8 chunks of flesh


   Skills:
 - Level 1.1 Fighting
 - Level 1.7 Dodging
 - Level 4.2 Unarmed Combat
 - Level 2.0 Spellcasting
 + Level 4.6 Transmutations
 - Level 2.0 Poison Magic


You had 2 spell levels left.
You knew the following spells:

 Your Spells              Type           Power        Failure   Level  Hunger
a - Beastly Appendage     Tmut           ##....       12%         1    ##.....
b - Sticks to Snakes      Tmut           ##......     16%         2    ###....
c - Spider Form           Tmut/Pois      ##........   38%         3    ####...


Dungeon Overview and Level Annotations

Branches:
Dungeon (3/15)

Altars:
Elyvilon
Okawaru


Innate Abilities, Weirdness & Mutations

((Your plain brown scales are hard. (AC +5)))
You cannot fit into any form of body armour.
((You are cold-blooded and may be slowed by cold attacks.))


Message History

The bullfrog barely misses you. x3
Casting: Spider Form
Confirm with . or Enter, or press ? or * to list all spells.
You turn into a venomous arachnid creature.
Your +2 hat melds into your body.
Your +1 pair of gloves melds into your body.
Your +2 pair of boots melds into your body.
The bullfrog hits you but does no damage.
The bullfrog completely misses you.
You hit the bullfrog.
The bullfrog is lightly wounded.
You feel sick. The bullfrog completely misses you.
The bullfrog closely misses you. The bullfrog hits you. x2
* * * LOW HITPOINT WARNING * * *
You bite the bullfrog!
The bullfrog is poisoned.
The bullfrog is heavily wounded.
The bullfrog hits you.
* * * LOW HITPOINT WARNING * * *
The bullfrog hits you!
You die...

#≈≈#≈###≈≈#≈≈≈..≈≈#.≈##≈≈#
#≈≈#≈#≈≈≈##≈≈≈≈.≈≈##≈≈#≈≈#
#≈≈#≈#∩≈≈#≈≈≈≈≈≈.≈≈#≈.#≈.#
#.≈#≈#≈≈≈#≈≈≈≈..≈≈≈#≈≈#≈≈#
#≈.#≈##≈≈#≈.≈...≈≈≈#.≈#..#
#≈≈#≈≈#≈≈#≈≈≈≈$..≈≈#≈.#≈.#
#≈≈#.≈#≈.#≈J†($?.≈≈#..#≈≈#
#≈≈≈≈≈#..##F.≈?.≈≈##≈≈#..#
#≈.≈≈≈#.≈.sF≈≈.≈.≈#.≈##≈≈#
#≈≈≈≈.###.≈≈≈≈≈≈≈##≈.#≈.≈#
#######.###≈≈.≈≈##.≈≈#≈≈##
#≈≈≈≈≈#######≈.≈##≈≈#
#≈≈≈≈≈≈≈≈.≈≈≈.≈≈#≈≈≈#
##≈≈##≈≈.≈≈.≈≈≈##≈≈##
##.≈##≈≈≈..≈≈##≈≈≈#
#≈≈≈###≈.≈###≈÷≈≈#
#≈≈≈≈≈#####.≈.≈.##


You could see 2 bullfrogs and an ooze.

Vanquished Creatures
  4 adders (Sewer)
  12 oozes
  7 worms
  14 leopard geckos
  10 ball pythons
  6 bats
  10 giant cockroaches
  5 goblins
  8 hobgoblins
  10 frilled lizards
  7 kobolds
  6 rats
99 creatures vanquished.

Notes
Turn   | Place    | Note
-------+----------+-------------------------------------------
     0 | D:1      | Gottschkopf the Draconian Transmuter began the quest for the Orb.
     0 | D:1      | Reached XP level 1. HP: 16/16 MP: 3/3
   291 | D:1      | Reached XP level 2. HP: 6/23 MP: 3/5
   305 | D:1      | Learned a level 2 spell: Sticks to Snakes
  1162 | D:1      | Reached XP level 3. HP: 24/28 MP: 6/6
  1167 | D:1      | Learned a level 3 spell: Spider Form
  1480 | D:2      | Reached skill level 1 in Poison Magic
  1753 | D:2      | Found an iron altar of Okawaru.
  2454 | D:3      | Reached XP level 4. HP: 35/35 MP: 5/7
  2541 | D:3      | Found a white marble altar of Elyvilon.
  2694 | D:3      | Found a glowing drain.
  2726 | Sewer    | Entered a sewer
  2881 | Sewer    | Reached XP level 5. HP: 34/40 MP: 6/8
  3398 | Sewer    | Slain by a bullfrog

Vault maps used:
D:1:      minmay_arrival_open_corners, hex_intersection,
          minmay_misc_feat_secret_circle
D:2:      okawaru_gym_becter
D:3:      old_standard_altar, gup_sewer_entry_bubbles
Sewer:    sewer_frog_island_02

Skill      XL: |  1  2  3  4  5 |
---------------+----------------+-----
Unarmed Combat | 4 |  4.2
Poison Magic   | 2 |  2.0
Transmutations | 3 4 |  4.6
Fighting       | |  1.1
Dodging        | |  1.7
Spellcasting   | |  2.0

Action                   |  1- 3 |  4- 6 || total
-------------------------+-------+-------++-------
Melee: Unarmed           |   145 |   262 ||   407
       Tailslap          |    12 |    13 ||    25
       Headbutt          |     1 |    13 ||    14
       Kick              |     5 |       ||     5
       Punch             |     1 |     1 ||     2
 Cast: Beastly Appendage |    13 |    16 ||    29
       Spider Form       |     3 |     9 ||    12
  Use: Scroll            |       |     8 ||     8
  Eat: Chunk             |     6 |     5 ||    11
Armor: Skin              |    32 |    93 ||   125
Dodge: Dodged            |    85 |   217 ||   302

Table legend:
 A = Spawn XP
 B = Non-spawn XP
 C = Spawn XP percentage of total XP
 D = Spawn monster count
 E = Non-spawn monster count
 F = Spawn count percentage of total count
 G = Total turns spent on level
                    A         B        C        D         E        F      G
               +---------+---------+-------+---------+---------+-------+---------
         Total |       0 |     313 |   0.0 |       0 |      99 |   0.0 |  3398
               +---------+---------+-------+---------+---------+-------+---------
           D:1 |       0 |      46 |   0.0 |       0 |      20 |   0.0 |  1399
           D:2 |       0 |      50 |   0.0 |       0 |      19 |   0.0 |  1039
           D:3 |       0 |      39 |   0.0 |       0 |      16 |   0.0 |   288
         Sewer |       0 |     178 |   0.0 |       0 |      44 |   0.0 |   672
               +---------+---------+-------+---------+---------+-------+---------
